 Dungeon Crawl Stone Soup version 0.25-a0-458-g6fc7858b95 (webtiles) character file.

Game seed: 1821231201180401844, levelgen mode: deterministic

65 Error4North the Skirmisher (level 4, -5/40 HPs)
             Began as a Hill Orc Fighter on Feb 1, 2020.
             Slain by a gnoll
             ... wielding a +0 vorpal flail
              (9 damage)
             ... on level 3 of the Dungeon.
             The game lasted 00:07:25 (1419 turns).

Error4North the Skirmisher (Hill Orc Fighter)       Turns: 1419, Time: 00:07:26

Health: -5/40      AC:  7    Str: 19    XL:     4   Next: 13%
Magic:  5/5        EV:  7    Int:  8    God:
Gold:   95         SH:  9    Dex: 10    Spells: 5/5 levels left

rFire    . . .     SeeInvis .   a - +0 war axe
rCold    . . .     Gourm    .   c - +0 shield
rNeg     . . .     Faith    .   b - +0 scale mail
rPois    .         Spirit   .   (no helmet)
rElec    .         Reflect  .   (no cloak)
rCorr    .         Harm     .   (no gloves)
MR       .....                  (no boots)
Stlth    ..........             (no amulet)
HPRegen  0.13/turn              (no ring)
MPRegen  0.09/turn              (no ring)

@: flying
A: no striking features
a: no special abilities


You were on level 3 of the Dungeon.
You were not hungry.

You visited 1 branch of the dungeon, and saw 3 of its levels.

You collected 95 gold pieces.

Inventory:

Hand Weapons
 a - a +0 war axe (weapon)
 m - a +0 hunting sling
Missiles
 e - 107 stones (quivered)
 g - 18 sling bullets
Armour
 b - a +0 scale mail (worn)
 c - a +0 shield (worn)
Jewellery
 q - an uncursed ring of protection from magic {unknown}
Wands
 p - a wand of iceblast (4)
Scrolls
 h - 3 scrolls of identify {unknown}
 i - 2 scrolls of immolation {unknown}
 j - a scroll of fear {unknown}
 k - a scroll of random uselessness {unknown}
 l - a scroll of fog {unknown}
 o - a scroll of remove curse {unknown}
 s - a scroll of teleportation {unknown}
 t - a scroll of enchant armour {unknown}
Potions
 d - a potion of might
 r - 2 potions of haste {unknown}
 u - 2 potions of brilliance {unknown}
Comestibles
 f - 6 rations


   Skills:
 + Level 3.9 Fighting
 + Level 3.2 Axes
 + Level 0.5 Slings
 * Level 3.7 Armour
 + Level 0.2 Dodging
 * Level 3.9 Shields
 * Level 1.0 Spellcasting


You had 5 spell levels left.
You didn't know any spells.
Your spell library was empty.

Dungeon Overview and Level Annotations

Branches:
Dungeon (3/15)

Altars:
Makhleb


Message History

The gnoll hits you from afar with a +0 spear.
The gnoll hits you with a +0 vorpal flail!
* * * LOW HITPOINT WARNING * * *
You closely miss the gnoll. You block the gnoll's attack.
The orc wizard casts a spell.
The orc wizard blinks!
The gnoll hits you with a +0 vorpal flail!
* * * LOW HITPOINT WARNING * * *
x2 The gnoll closely misses you.
You hit the gnoll.
The gnoll is heavily wounded.
You block the gnoll's attack. The gnoll hits you but does no damage.
The orc wizard barely misses you.
It was a potion of flight.
You feel very buoyant.
You fly up into the air.
You block the gnoll's attack.
The orc wizard casts a spell.
The orc wizard blinks!
The gnoll hits you with a +0 vorpal flail!
You die...

#.. .... #.# ###.####^.# #.#
..........### #.# .(.........>#
#.# ###o..#...# #.# ..........#
#.# ..........# #.#
.....##.#######################.#
.....##......§gg@§.....o........#
....###..########################
.........# ....###... .... #....
.$( #..... #...... #......#
+......#


You could see an orc wizard and 2 gnolls.

Vanquished Creatures
  A gnoll (D:3)
  An adder (D:2)
  A worm (D:2)
  A dart slug (D:1)
  A giant cockroach (D:2)
  3 goblins
  5 hobgoblins
  6 jackals (D:1)
  3 quokkas (D:2)
  A ball python (D:1)
  5 bats
  2 frilled lizards (D:1)
  5 kobolds
  8 rats
43 creatures vanquished.

Notes
Turn   | Place    | Note
-------+----------+-------------------------------------------
     0 | D:1      | Error4North the Hill Orc Fighter began the quest for the
                  | Orb.
     0 | D:1      | Reached XP level 1. HP: 19/19 MP: 1/1
    90 | D:1      | Reached XP level 2. HP: 20/27 MP: 2/2
   410 | D:1      | Reached XP level 3. HP: 33/33 MP: 3/3
   682 | D:2      | Found a burning altar of Makhleb.
   682 | D:2      | Noticed a balrug
  1401 | D:3      | Reached skill level 1 in Spellcasting
  1401 | D:3      | Reached XP level 4. HP: 35/40 MP: 5/5
  1419 | D:3      | Slain by a gnoll

Levels and vault maps discovered:
D:1:      onia_arrival_handbag, layout_rooms, minmay_3d_cube
D:2:      lemuel_upstairs_altar, layout_rooms, nicolae_overflow_hidden_temple,
          makhleb_altar_promises_db, first_ration, serial_corexii_hall,
          chequers_hall_statues_corner_a, corexii_hall_statues_l,
          chequers_hall_statues_y, minmay_misc_feat_square
D:3:      layout_basic, uniq_crazy_yiuf_cottage

Skill      XL: |  1  2  3 |
---------------+----------+-----
Axes           | 3 |  3.2
Spellcasting   | 1 |  1.0
Fighting       | |  3.9
Slings         | |  0.5
Armour         | |  3.7
Dodging        | |  0.2
Shields        | |  3.9

Action                   |  1- 3 |  4- 6 || total
-------------------------+-------+-------++-------
Melee: War axe           |   123 |     3 ||   126
 Fire: Hunting sling     |    46 |       ||    46
  Use: Potion            |     2 |     1 ||     3
  Eat: Chunk             |     2 |       ||     2
Armor: Scale mail        |    66 |     1 ||    67
Dodge: Dodged            |    49 |     2 ||    51
Block: Shield            |    79 |     3 ||    82

Table legend:
 A = Non-vault XP
 B = Vault XP
 C = Vault XP percentage of total XP
 D = Non-vault monster count
 E = Vault monster count
 F = Vault count percentage of total count
                 A         B        C        D         E       F
            +---------+---------+-------+---------+---------+-------
      Total |      81 |      12 |  12.9 |      36 |       7 |  16.3
            +---------+---------+-------+---------+---------+-------
        D:1 |      26 |      12 |  31.6 |      17 |       7 |  29.2
        D:2 |      40 |       0 |   0.0 |      17 |       0 |   0.0
        D:3 |      15 |       0 |   0.0 |       2 |       0 |   0.0
            +---------+---------+-------+---------+---------+-------
